 Dungeon Crawl Stone Soup version 0.24.1-8-ga250c9d538 (webtiles) character file.

Game seed: 7163852365172592628, levelgen mode: deterministic

90 Peloso the Skirmisher (level 4, -4/40 HPs)
             Began as a Ghoul Fighter on May 3, 2020.
             Killed by divine providence
             ... invoked by an orc priest
              (10 damage)
             ... on level 3 of the Dungeon.
             The game lasted 00:03:41 (1596 turns).

Peloso the Skirmisher (Ghoul Fighter)               Turns: 1596, Time: 00:03:42

Health: -4/40      AC:  6    Str: 24    XL:     4   Next: 56%
Magic:  3/3        EV:  7    Int:  3    God:
Gold:   63         SH:  9    Dex:  9    Spells: 3/3 levels left

rFire    . . .     SeeInvis .   a - +0 long sword
rCold    + . .     Gourm    .   c - +1 shield
rNeg     + + +     Faith    .   b - +0 scale mail
rPois    ∞         Spirit   .   (no helmet)
rElec    .         Reflect  .   (no cloak)
rCorr    .         Harm     .   (no gloves)
MR       .....     Rnd*Tele +   (no boots)
Stlth    ..........             (no amulet)
HPRegen  0.00/turn              e - ring of teleportation (curse)
MPRegen  0.08/turn              (no ring)

@: mighty, rotting, heavily drained
A: rotting body, claws 1, carnivore, cold resistance 1, negative energy
resistance 3, inhibited regeneration, torment resistance, unbreathing
a: no special abilities


You were on level 3 of the Dungeon.
You were not hungry.

You visited 1 branch of the dungeon, and saw 3 of its levels.

You collected 63 gold pieces.

Inventory:

Hand Weapons
 a - a +0 long sword (weapon)
Armour
 b - a +0 scale mail (worn)
 c - a +1 shield (worn)
Jewellery
 e - a cursed ring of teleportation (left claw)
Scrolls
 g - a scroll of identify
 j - a scroll of enchant weapon {unknown}
 k - 2 scrolls of remove curse {unknown}
 l - a scroll of enchant armour
 m - 2 scrolls of teleportation {unknown}
 n - a scroll of fog {unknown}
Potions
 d - a potion of might
 h - a potion of resistance
 i - a potion of curing
Comestibles
 f - 4 rations


   Skills:
 + Level 3.8(2.6) Fighting
 + Level 3.0(1.7) Long Blades
 + Level 3.1(1.9) Armour
 + Level 0.2(0.0) Dodging
 + Level 3.1(1.9) Shields


You had 3 spell levels left.
You didn't know any spells.
Your spell library was empty.

Dungeon Overview and Level Annotations

Branches:
Dungeon (3/15)

Altars:
Kikubaaqudgha
Xom


Innate Abilities, Weirdness & Mutations

Your body is rotting away.
You thrive on raw meat.
You are immune to poison.
You have sharp fingernails.
You are carnivorous and can eat meat at any time.
Your flesh is cold resistant. (rC+)
You are immune to negative energy. (rN+++)
You do not regenerate when monsters are visible.
You are immune to unholy pain and torment.
You can survive without breathing.


Message History

The orc is heavily wounded.
The kobold hits you but does no damage. You block the orc's attack.
You block the kobold's attack. The worm bites you.
* * * LOW HITPOINT WARNING * * *
Unknown command.
You barely miss the orc.
The orc is heavily wounded.
The orc barely misses you. You block the kobold's attack.
The orc priest casts a cantrip, but nothing happens.
The orc barely misses you. You block the worm's attack.
Unknown command.
You hit the orc.
You kill the orc!
You block the kobold's attack. x2; You block the worm's attack.
Unknown command.
You slash the worm!
The worm is heavily wounded.
The orc priest invokes the aid of Beogh against you.
Beogh smites you!
You die...

#...............
#...!...........
#...............
#...............
####.......#....
#####.......#....
#...........# ...
#.###w.♣..♣.#
#ooK@)♣♣♣.....
#.{♣♣♣♣ ♣.♣♣.
#..♣ ... #..♣ ♣.
#... #..♣♣ #...
#..♣ #..♣


You could see a worm, an orc priest, an orc and a kobold.

Vanquished Creatures
  A bullfrog skeleton (D:2)
  An adder (D:2)
  A leopard gecko (D:3)
  3 orcs (D:3)
  2 ball pythons
  4 bats
  A giant cockroach (D:3)
  5 goblins
  10 hobgoblins
  2 jackals (D:1)
  6 kobolds
  4 frilled lizards
  5 rats
45 creatures vanquished.

Notes
Turn   | Place    | Note
-------+----------+-------------------------------------------
     0 | D:1      | Peloso the Ghoul Fighter began the quest for the Orb.
     0 | D:1      | Reached XP level 1. HP: 19/19 MP: 0/0
   147 | D:1      | Reached XP level 2. HP: 25/26 MP: 1/1
   869 | D:2      | Found a shimmering altar of Xom.
   930 | D:2      | Reached XP level 3. HP: 22/29 MP: 2/2
  1139 | D:2      | Reached XP level 4. HP: 21/37 MP: 3/3
  1232 | D:2      | Found an ancient bone altar of Kikubaaqudgha.
  1596 | D:3      | Killed from afar by an orc priest

Levels and vault maps discovered:
D:1:      scummos_arrival_checkerplants, layout_loops_corners
D:2:      layout_basic, lemuel_doored_altar, xom_teletrap_fun
D:3:      layout_basic, chequers_ecumenical_altar_grove

Skill      XL: |  1  2  3  4 |
---------------+-------------+-----
Long Blades    | 2 3 |  3.0
Armour         | 3 |  3.1
Shields        | 3 |  3.1
Fighting       | |  3.8
Dodging        | |  0.2

Action                   |  1- 3 |  4- 6 || total
-------------------------+-------+-------++-------
Melee: Long sword        |    80 |    42 ||   122
  Use: Scroll            |     4 |       ||     4
       Potion            |       |     3 ||     3
  Eat: Chunk             |       |     3 ||     3
Armor: Scale mail        |    37 |    19 ||    56
Dodge: Dodged            |    28 |    22 ||    50
Block: Shield            |    31 |    32 ||    63
       Rpst.: Long sword |    10 |     9 ||    19
